TOP OF THE 1ST |
Shelby HS Rockets batting - Pitching for Grand Rapids HS Summit : LHP Martín Aragón
|
Pitching: LHP Martín Aragón
|
|
Batting: LHB Justin Tubridy
|
0-0: Ball 1-0: Foul Ball, location: 2F 1-1: Ball 2-1: Swinging Strike 2-2: Foul Ball, location: 2F 2-2: Ground out 4-3 (Groundball, 34)
|
Batting: RHB Robbie Weatherdon
|
0-0: Ball 1-0: Foul Ball, location: 2F 1-1: Foul Ball, location: 2F 1-2: Strikes out swinging
|
Batting: LHB Dave Cannon
|
0-0: Ball 1-0: Ball 2-0: Called Strike 2-1: Called Strike 2-2: Fly out, F7 (Flyball, 7LM)
|
Top of the 1st over - 0 run(s), 0 hit(s), 0 error(s), 0 left on base; Shelby HS 0 - Grand Rapids HS 0 |
BOTTOM OF THE 1ST |
Grand Rapids HS Summit batting - Pitching for Shelby HS Rockets : LHP Mark Andrews
|
Pitching: LHP Mark Andrews
|
|
Batting: LHB Harry Adams
|
0-0: Called Strike 0-1: Reached on error, E4 (Groundball, 34)
|
Batting: RHB Jonathan Holden
|
0-0: Ground out 6-3 (Groundball, 6)
|
Batting: RHB Ramón Espinoza
|
0-0: Ball 1-0: Foul Ball, location: 2F 1-1: Called Strike 1-2: Hit by Pitch
|
Batting: LHB Carlos Gutiérrez
|
0-0: Ball 1-0: Called Strike 1-1: Swinging Strike 1-2: Foul Ball, location: 2F 1-2: Strikes out swinging
|
Batting: LHB Chris Henry
|
0-0: Ball 1-0: Ball 2-0: Ball 3-0: Base on Balls Harry Adams to third Ramón Espinoza to second
|
Batting: RHB Júlio Ramos
|
0-0: Ball 1-0: Ball 2-0: Reached on error, E5 (Groundball, 5) Harry Adams scores Ramón Espinoza to third Chris Henry to second
|
Batting: RHB Leroy Bates
|
0-0: Ball 1-0: Ball 2-0: Called Strike 2-1: Ball 3-1: Base on Balls Ramón Espinoza scores Chris Henry to third Júlio Ramos to second
|
Batting: RHB Gabriel Bernal
|
0-0: Swinging Strike 0-1: Called Strike 0-2: Foul Ball, location: 2F 0-2: Ball 1-2: SINGLE (Groundball, 6) Chris Henry scores Júlio Ramos to third Leroy Bates to second Runner from 3rd tries for Home, SAFE, no throw or cutoff
|
Batting: LHB Daniel Orozco
|
0-0: Ball 1-0: Ball 2-0: Ball 3-0: Base on Balls Leroy Bates to third Gabriel Bernal to second
|
Batting: LHB Harry Adams
|
0-0: Ball 1-0: Foul Ball, location: 2F 1-1: Ball 2-1: Foul Ball, location: 2F 2-2: Fly out, F6 (Popup, 6D)
|
Bottom of the 1st over - 4 run(s), 1 hit(s), 2 error(s), 3 left on base; Shelby HS 0 - Grand Rapids HS 4 |
TOP OF THE 2ND |
Shelby HS Rockets batting - Pitching for Grand Rapids HS Summit : LHP Martín Aragón
|
Batting: RHB Joseph Brown
|
0-0: Ball 1-0: DOUBLE (Flyball, 9M)
|
Batting: RHB Sean Merritt
|
0-0: Ball 1-0: Called Strike 1-1: Ball Wild Pitch! Joseph Brown to third 2-1: Foul Ball, location: 2F 2-2: Strikes out swinging
|
Batting: RHB David Randall
|
0-0: Ball 1-0: Called Strike 1-1: Ball 2-1: Ball 3-1: Base on Balls
|
Batting: RHB Julius Bell
|
0-0: DOUBLE (Flyball, 78M) Joseph Brown scores David Randall to third
|
Batting: LHB Bill Williams
|
0-0: Ball 1-0: Ball 2-0: Ball 3-0: Called Strike 3-1: Base on Balls
|
Batting: RHB Javier Concepción
|
0-0: Ball 1-0: Ball 2-0: Foul Ball, location: 2F 2-1: Ball 3-1: Base on Balls David Randall scores Julius Bell to third Bill Williams to second
|
Batting: LHB Justin Tubridy
|
0-0: Called Strike 0-1: Foul Ball, location: 2F 0-2: Strikes out looking
|
Batting: RHB Robbie Weatherdon
|
0-0: Ball 1-0: Ball 2-0: Ball 3-0: Called Strike 3-1: Fly out, F6 (Line Drive, 6M)
|
Top of the 2nd over - 2 run(s), 2 hit(s), 0 error(s), 3 left on base; Shelby HS 2 - Grand Rapids HS 4 |
BOTTOM OF THE 2ND |
Grand Rapids HS Summit batting - Pitching for Shelby HS Rockets : LHP Mark Andrews
|
Batting: RHB Jonathan Holden
|
0-0: Ball 1-0: Ground out 5-3 (Groundball, 5)
|
Batting: RHB Ramón Espinoza
|
0-0: Foul Ball, location: 2F 0-1: Ball 1-1: Ball 2-1: Ball 3-1: Foul Ball, location: 2F 3-2: SINGLE (Flyball, 8LS)
|
Batting: LHB Carlos Gutiérrez
|
0-0: Ball 1-0: Ball 2-0: Ball 3-0: Called Strike 3-1: Base on Balls Ramón Espinoza to second
|
Batting: LHB Chris Henry
|
0-0: Called Strike 0-1: Ball 1-1: SINGLE (Line Drive, 6D) Ramón Espinoza to third Carlos Gutiérrez to second
|
Batting: RHB Júlio Ramos
|
0-0: Ball 1-0: Called Strike 1-1: Swinging Strike 1-2: Foul Ball, location: 2F 1-2: Strikes out swinging
|
Batting: RHB Leroy Bates
|
0-0: Foul Ball, location: 2F 0-1: Fly out, F4 (Popup, 4)
|
Bottom of the 2nd over - 0 run(s), 2 hit(s), 0 error(s), 3 left on base; Shelby HS 2 - Grand Rapids HS 4 |
TOP OF THE 3RD |
Shelby HS Rockets batting - Pitching for Grand Rapids HS Summit : LHP Martín Aragón
|
Batting: LHB Dave Cannon
|
0-0: Ball 1-0: Called Strike 1-1: Ball 2-1: Called Strike 2-2: Ball 3-2: Base on Balls
|
Batting: RHB Joseph Brown
|
0-0: Ball Dave Cannon steals 2nd base 1-0: Ball Throwing error on steal attempt, E2 Dave Cannon scores 2-0: SINGLE (Groundball, 2L) (infield hit)
|
Batting: RHB Sean Merritt
|
0-0: Fly out, F9 (Flyball, 9LM)
|
Batting: RHB David Randall
|
0-0: Swinging Strike 0-1: Called Strike 0-2: Strikes out looking
|
Batting: RHB Julius Bell
|
0-0: Ball 1-0: DOUBLE (Line Drive, 7LS) Joseph Brown to third
|
Batting: LHB Bill Williams
|
0-0: Ball 1-0: Called Strike 1-1: Foul Ball, location: 2F 1-2: Ground out 5-3 (Groundball, 56)
|
Top of the 3rd over - 1 run(s), 2 hit(s), 1 error(s), 2 left on base; Shelby HS 3 - Grand Rapids HS 4 |
BOTTOM OF THE 3RD |
Grand Rapids HS Summit batting - Pitching for Shelby HS Rockets : LHP Mark Andrews
|
Batting: RHB Gabriel Bernal
|
0-0: Called Strike 0-1: Ball 1-1: Ground out 6-3 (Groundball, 6M)
|
Batting: LHB Daniel Orozco
|
0-0: Called Strike 0-1: Swinging Strike 0-2: Strikes out swinging
|
Batting: LHB Harry Adams
|
0-0: Ball 1-0: Ball 2-0: Ground out 6-3 (Groundball, 6)
|
Bottom of the 3rd over - 0 run(s), 0 hit(s), 0 error(s), 0 left on base; Shelby HS 3 - Grand Rapids HS 4 |
TOP OF THE 4TH |
Shelby HS Rockets batting - Pitching for Grand Rapids HS Summit : LHP Martín Aragón
|
Batting: RHB Javier Concepción
|
0-0: Ball 1-0: Swinging Strike 1-1: Hit by Pitch
|
Pinch Runner at 1st Joseph Baxter:
|
|
Batting: LHB Justin Tubridy
|
0-0: Ball 1-0: Ball 2-0: Ball 3-0: Base on Balls Joseph Baxter to second
|
Batting: RHB Robbie Weatherdon
|
0-0: Foul Ball, location: 2F 0-1: Ball 1-1: Called Strike 1-2: Foul Ball, location: 2F 1-2: Strikes out swinging
|
Batting: LHB Dave Cannon
|
0-0: Called Strike 0-1: Ball 1-1: Called Strike 1-2: Foul Ball, location: 2F 1-2: Ball 2-2: Foul Ball, location: 2F 2-2: Ball 3-2: Foul Ball, location: 2F 3-2: SINGLE (Line Drive, 8RM) Joseph Baxter to third Justin Tubridy to second
|
Pitching: LHP Enrico Sánchez
|
|
Batting: RHB Joseph Brown
|
0-0: Ball 1-0: Ball 2-0: Swinging Strike 2-1: Swinging Strike 2-2: Strikes out swinging
|
Batting: RHB Sean Merritt
|
0-0: Ground out 1-3 (Groundball, 15)
|
Top of the 4th over - 0 run(s), 1 hit(s), 0 error(s), 3 left on base; Shelby HS 3 - Grand Rapids HS 4 |
BOTTOM OF THE 4TH |
Grand Rapids HS Summit batting - Pitching for Shelby HS Rockets : LHP Mark Andrews
|
Now at C: Joseph Baxter
|
|
Batting: RHB Jonathan Holden
|
0-0: Called Strike 0-1: DOUBLE (Flyball, 9LM)
|
Batting: RHB Ramón Espinoza
|
0-0: Reached on error, E5 (Groundball, 5S) Jonathan Holden to third
|
Batting: LHB Carlos Gutiérrez
|
0-0: Ball 1-0: Ball 2-0: Ground out U3 (Groundball, 3S) Jonathan Holden scores Ramón Espinoza to second
|
Batting: LHB Chris Henry
|
0-0: Foul Ball, location: 2F 0-1: Ball 1-1: Ball 2-1: Foul Ball, location: 2F 2-2: Ball 3-2: Base on Balls
|
Pitching: LHP Gustavo Maldonado
|
|
Batting: RHB Júlio Ramos
|
0-0: Ball 1-0: Ball 2-0: Called Strike 2-1: DOUBLE (Line Drive, 8LM) Ramón Espinoza scores Chris Henry to third Runner from 3rd tries for Home, SAFE, no throw or cutoff
|
Batting: RHB Leroy Bates
|
0-0: Ball 1-0: Called Strike 1-1: Ball 2-1: Foul Ball, location: 2F 2-2: Ball 3-2: Base on Balls
|
Batting: RHB Gabriel Bernal
|
0-0: Ball 1-0: Called Strike 1-1: Foul Ball, location: 2F 1-2: Ball 2-2: Foul Ball, location: 2F 2-2: Foul Ball, location: 2F 2-2: Strikes out swinging
|
Batting: LHB Daniel Orozco
|
0-0: Ground out U3 (Groundball, 3L)
|
Bottom of the 4th over - 3 run(s), 2 hit(s), 1 error(s), 2 left on base; Shelby HS 3 - Grand Rapids HS 7 |
TOP OF THE 5TH |
Shelby HS Rockets batting - Pitching for Grand Rapids HS Summit : LHP Enrico Sánchez
|
Batting: RHB David Randall
|
0-0: Called Strike 0-1: Ball 1-1: Swinging Strike 1-2: Ball 2-2: Ball 3-2: Fly out, F3 (Line Drive, 3)
|
Batting: RHB Julius Bell
|
0-0: Swinging Strike 0-1: Swinging Strike 0-2: Strikes out looking
|
Batting: LHB Bill Williams
|
0-0: Called Strike 0-1: Ball 1-1: Ball 2-1: Swinging Strike 2-2: Foul Ball, location: 2F 2-2: Strikes out looking
|
Top of the 5th over - 0 run(s), 0 hit(s), 0 error(s), 0 left on base; Shelby HS 3 - Grand Rapids HS 7 |
BOTTOM OF THE 5TH |
Grand Rapids HS Summit batting - Pitching for Shelby HS Rockets : LHP Gustavo Maldonado
|
Batting: LHB Harry Adams
|
0-0: Ball 1-0: Ball 2-0: Swinging Strike 2-1: SINGLE (Flyball, 7LS)
|
Batting: RHB Jonathan Holden
|
0-0: Ball 1-0: Grounds into double play, 5-4-3 (Groundball, 5)
|
Batting: RHB Ramón Espinoza
|
0-0: Foul Ball, location: 2F 0-1: Swinging Strike 0-2: Ground out 5-3 (Groundball, 6)
|
Bottom of the 5th over - 0 run(s), 1 hit(s), 0 error(s), 0 left on base; Shelby HS 3 - Grand Rapids HS 7 |
TOP OF THE 6TH |
Shelby HS Rockets batting - Pitching for Grand Rapids HS Summit : LHP Enrico Sánchez
|
Batting: RHB Joseph Baxter
|
0-0: Fly out, F6 (Line Drive, 6)
|
Batting: LHB Justin Tubridy
|
0-0: Fly out, F9 (Flyball, 89M)
|
Batting: RHB Robbie Weatherdon
|
0-0: Ball Reached via error on a dropped throw, E1
|
Batting: LHB Dave Cannon
|
0-0: Ball 1-0: SINGLE (Flyball, 89S) Robbie Weatherdon to second Runner from 2nd tries for 3rd, SAFE, throw made to third Dave Cannon to second
|
Batting: RHB Joseph Brown
|
0-0: Fly out, F6 (Popup, 56D)
|
Top of the 6th over - 0 run(s), 1 hit(s), 1 error(s), 2 left on base; Shelby HS 3 - Grand Rapids HS 7 |
BOTTOM OF THE 6TH |
Grand Rapids HS Summit batting - Pitching for Shelby HS Rockets : LHP Gustavo Maldonado
|
Batting: LHB Carlos Gutiérrez
|
0-0: Called Strike 0-1: Ground out U3 (Groundball, 3)
|
Batting: LHB Chris Henry
|
0-0: Foul Ball, location: 2F 0-1: Ball 1-1: Ball 2-1: Foul Ball, location: 2F 2-2: Fly out, F8 (Flyball, 8RM)
|
Batting: RHB Júlio Ramos
|
0-0: Ball 1-0: Ball 2-0: Foul Ball, location: 2F 2-1: Ball 3-1: SINGLE (Groundball, 56)
|
Batting: RHB Leroy Bates
|
0-0: Ball 1-0: Ball 2-0: Called Strike 2-1: 2-RUN HOME RUN (Flyball, 78XD), Distance : 368 ft
|
Batting: RHB Gabriel Bernal
|
0-0: Ground out 4-3 (Groundball, 4)
|
Bottom of the 6th over - 2 run(s), 2 hit(s), 0 error(s), 0 left on base; Shelby HS 3 - Grand Rapids HS 9 |
TOP OF THE 7TH |
Shelby HS Rockets batting - Pitching for Grand Rapids HS Summit : LHP Enrico Sánchez
|
Pitching: RHP Philip Walker
|
|
Batting: RHB Sean Merritt
|
0-0: Ball 1-0: Ball 2-0: Called Strike 2-1: Ball 3-1: Base on Balls
|
Batting: RHB David Randall
|
0-0: Ball 1-0: Foul Ball, location: 2F 1-1: Swinging Strike 1-2: Ball 2-2: Foul Ball, location: 2F 2-2: Foul Ball, location: 2F 2-2: Strikes out looking
|
Batting: RHB Julius Bell
|
0-0: Ball 1-0: Fielders Choice at 2nd, 5-4 (Groundball, 56)
|
Batting: LHB Bill Williams
|
0-0: Ball Passed Ball! Julius Bell to second 1-0: 2-RUN HOME RUN (Flyball, 7LD), Distance : 327 ft
|
Batting: RHB Joseph Baxter
|
0-0: Ball 1-0: Called Strike 1-1: Foul Ball, location: 2F 1-2: SINGLE (Groundball, 56)
|
Batting: LHB Justin Tubridy
|
0-0: Called Strike 0-1: Ball 1-1: Fly out, F5 (Line Drive, 5S)
|
Top of the 7th over - 2 run(s), 2 hit(s), 0 error(s), 1 left on base; Shelby HS 5 - Grand Rapids HS 9 |
BOTTOM OF THE 7TH |
Grand Rapids HS Summit batting - Pitching for Shelby HS Rockets : LHP Gustavo Maldonado
|
Batting: LHB Daniel Orozco
|
0-0: Ball 1-0: Ball 2-0: Swinging Strike 2-1: Ball 3-1: Called Strike 3-2: Reached on error, E2 (Groundball, 2L)
|
Batting: LHB Harry Adams
|
0-0: Ball 1-0: SINGLE (Groundball, 25) (infield hit) Daniel Orozco to second
|
Pitching: LHP Eric Howard
|
|
Batting: RHB Jonathan Holden
|
0-0: Ball 1-0: Ball 2-0: Ball 3-0: Called Strike 3-1: Base on Balls Daniel Orozco to third Harry Adams to second
|
Batting: RHB Ramón Espinoza
|
0-0: GRAND SLAM HOME RUN (Flyball, 7D), Distance : 357 ft
|
Batting: LHB Carlos Gutiérrez
|
0-0: Foul Ball, location: 2F 0-1: Ball 1-1: Ball 2-1: Swinging Strike 2-2: Ball 3-2: Base on Balls
|
Batting: LHB Chris Henry
|
0-0: Ball 1-0: Ball 2-0: DOUBLE (Line Drive, 4D) Carlos Gutiérrez to third
|
Batting: RHB Júlio Ramos
|
0-0: Ball 1-0: Fly out, F4 (Popup, 4MD)
|
Batting: RHB Leroy Bates
|
0-0: Foul Ball, location: 2F 0-1: Swinging Strike 0-2: Foul Ball, location: 2F 0-2: Ball 1-2: Ball 2-2: Foul Ball, location: 2F 2-2: Ball 3-2: Base on Balls
|
Batting: RHB Gabriel Bernal
|
0-0: SINGLE (Groundball, 56D) Carlos Gutiérrez scores Chris Henry to third Leroy Bates to second Runner from 3rd tries for Home, SAFE, no throw or cutoff
|
Pitching: LHP Robin Bergeron
|
|
Batting: LHB Daniel Orozco
|
0-0: Ball 1-0: Fly out, F9 (Line Drive, 9M) Runner from 2nd tags up, OUT at 3rd
|
Bottom of the 7th over - 6 run(s), 4 hit(s), 1 error(s), 1 left on base; Shelby HS 5 - Grand Rapids HS 15 |
TOP OF THE 8TH |
Shelby HS Rockets batting - Pitching for Grand Rapids HS Summit : RHP Philip Walker
|
Now at C: Rob Walker
|
|
Now at SS: Bob Barnes
|
|
Batting: RHB Robbie Weatherdon
|
0-0: DOUBLE (Flyball, 8RS)
|
Batting: LHB Dave Cannon
|
0-0: Called Strike 0-1: Ball 1-1: Ball 2-1: Foul Ball, location: 2F 2-2: Foul Ball, location: 2F 2-2: Foul Ball, location: 2F 2-2: Ball 3-2: Foul Ball, location: 2F 3-2: Base on Balls
|
Batting: RHB Joseph Brown
|
0-0: Ball 1-0: Ball 2-0: Ball 3-0: Base on Balls Robbie Weatherdon to third Dave Cannon to second
|
Batting: RHB Sean Merritt
|
0-0: Called Strike 0-1: Ball 1-1: Foul Ball, location: 2F 1-2: Strikes out swinging
|
Batting: RHB David Randall
|
0-0: Foul Ball, location: 2F 0-1: Ball 1-1: Called Strike 1-2: Strikes out swinging
|
Batting: RHB Julius Bell
|
0-0: Ball 1-0: Foul Ball, location: 2F 1-1: Fly out, F9 (Flyball, 89M)
|
Top of the 8th over - 0 run(s), 1 hit(s), 0 error(s), 3 left on base; Shelby HS 5 - Grand Rapids HS 15 |
BOTTOM OF THE 8TH |
Grand Rapids HS Summit batting - Pitching for Shelby HS Rockets : LHP Robin Bergeron
|
Batting: LHB Harry Adams
|
0-0: Ball 1-0: Foul Ball, location: 2F 1-1: Foul Ball, location: 2F 1-2: Foul Ball, location: 2F 1-2: Strikes out swinging
|
Batting: RHB Jonathan Holden
|
0-0: Ball 1-0: Ball 2-0: Ball 3-0: Base on Balls
|
Batting: RHB Ramón Espinoza
|
0-0: Called Strike 0-1: SINGLE (Groundball, 6MD) Jonathan Holden to second Runner from 2nd tries for 3rd, SAFE, throw made to third
|
Batting: LHB Carlos Gutiérrez
|
0-0: Foul Ball, location: 2F 0-1: Grounds into double play, 6-4-3 (Groundball, 6)
|
Bottom of the 8th over - 0 run(s), 1 hit(s), 0 error(s), 1 left on base; Shelby HS 5 - Grand Rapids HS 15 |
TOP OF THE 9TH |
Shelby HS Rockets batting - Pitching for Grand Rapids HS Summit : RHP Philip Walker
|
Pitching: RHP Pierre-Olivier Morin
|
|
Batting: LHB Bill Williams
|
0-0: Ball 1-0: Ball 2-0: Called Strike 2-1: Ball 3-1: Foul Ball, location: 2F 3-2: Foul Ball, location: 2F 3-2: Foul Ball, location: 2F 3-2: SINGLE (Line Drive, 6MD)
|
Batting: RHB Joseph Baxter
|
0-0: Ball 1-0: Ball 2-0: Foul Ball, location: 2F 2-1: Foul Ball, location: 2F 2-2: Strikes out looking
|
Batting: LHB Justin Tubridy
|
0-0: Ball 1-0: Foul Ball, location: 2F 1-1: Foul Ball, location: 2F 1-2: Ball 2-2: Strikes out swinging
|
Batting: RHB Robbie Weatherdon
|
0-0: Ball 1-0: Ball 2-0: Foul Ball, location: 2F 2-1: Ground out 5-3 (Groundball, 56)
|
Top of the 9th over - 0 run(s), 1 hit(s), 0 error(s), 1 left on base; Shelby HS 5 - Grand Rapids HS 15 |
|